 Dungeon Crawl Stone Soup version 0.26-a0-180-ge96aa7da28 (webtiles) character file.

Game seed: 15684974773048186239

2739 Apogee the Grappler (level 9, 0/89 HPs)
             Began as a Troll Monk on July 3, 2020.
             Was an Elder of Yredelemnul.
             Slain by a two-headed ogre
             ... wielding a +0 giant spiked club
              (11 damage)
             ... on level 8 of the Dungeon.
             The game lasted 00:10:23 (5759 turns).

Apogee the Grappler (Troll Monk)                    Turns: 5759, Time: 00:10:25

Health: 0/89       AC:  8    Str: 24    XL:     9   Next: 40%
Magic:  20/20      EV: 10    Int:  3    God:    Yredelemnul [****..]
Gold:   368        SH:  0    Dex: 12    Spells: 8/8 levels left

rFire    + . .     SeeInvis .     - Unarmed
rCold    . . .     Faith    .   (no shield)
rNeg     . . .     Spirit   .   a - +0 robe
rPois    +         Reflect  .   (helmet restricted)
rElec    .         Harm     .   v - +1 cloak
rCorr    +                      (gloves unavailable)
MR       ++...                  (boots unavailable)
Stlth    ++........             (no amulet)
HPRegen  0.64/turn              F - ring of magical power
MPRegen  0.17/turn              y - ring "Naolawew" {rPois rF+ MR++ rCorr Int-3}

@: no status effects
A: large, unfitting armour, claws 3, fast metabolism 3, gourmand, regeneration
1, shaggy fur 1, tough skin 3
a: Recall Undead Slaves, Injury Mirror, Animate Dead, Drain Life, Renounce
Religion


You were on level 8 of the Dungeon.
You worshipped Yredelemnul.
Yredelemnul was greatly pleased with you.
You were not hungry.

You visited 1 branch of the dungeon, and saw 8 of its levels.
You also visited: Ossuary.

You collected 368 gold pieces.

Inventory:

Hand Weapons
 g - a +0 vorpal dire flail
 o - a +0 dagger of electrocution
 I - a +1 morningstar of draining
 K - a +0 rapier of holy wrath
 M - a +0 vorpal spear
 N - a cursed +2 long sword of freezing
Missiles
 d - 6 curare-tipped darts
 j - 118 stones (quivered)
 l - 10 poisoned darts
 p - 7 javelins
 q - 8 atropa-tipped darts
Armour
 a - a +0 robe (worn)
 i - a +0 kite shield
 v - a +1 cloak (worn)
Jewellery
 w - an uncursed ring of teleportation
 y - the ring "Naolawew" (right claw) {rPois rF+ MR++ rCorr Int-3}
   (You found it on level 4 of the Dungeon)

   [ring of resist corrosion]

   It affects your intelligence (-3).
   It protects you from fire.
   It protects you from poison.
   It affects your resistance to hostile enchantments.
   It provides partial protection from all sources of acid and corrosion.
 C - a +6 ring of dexterity
 F - a ring of magical power (left claw)
Wands
 B - a wand of disintegration (6)
 L - a wand of flame (25)
Scrolls
 c - 3 scrolls of teleportation
 e - a scroll of blinking
 f - 7 scrolls of identify
 k - 3 scrolls of remove curse
 u - 2 scrolls of enchant armour
 x - 4 scrolls of amnesia
 A - 2 scrolls of fog
 J - a scroll of magic mapping
Potions
 h - 4 potions of heal wounds
 m - 3 potions of degeneration {unknown}
 n - 2 potions of might {unknown}
 r - 2 potions of ambrosia {unknown}
 s - 2 potions of haste {unknown}
 t - a potion of lignification {unknown}
 z - a potion of magic {unknown}
 D - a potion of stabbing {unknown}
 E - a potion of flight {unknown}
 G - a potion of cancellation {unknown}
 H - 2 potions of brilliance {unknown}
Comestibles
 b - 14 rations


   Skills:
 + Level 6.1 Fighting
 - Level 2.8 Dodging
 - Level 1.0 Stealth
 * Level 9.9 Unarmed Combat
 - Level 5.0 Invocations


You had 8 spell levels left.
You didn't know any spells.
Your spell library contained the following spells:

 Spells                   Type           Power        Failure   Level  Hunger
 Beastly Appendage        Tmut           #.....       52%         1    ##.....
 Infusion                 Chrm           #...         52%         1    ##.....
 Shroud of Golubria       Chrm/Tloc      #.....       67%         2    ###....
 Song of Slaying          Chrm           #.......     67%         2    ###....
 Sticks to Snakes         Tmut           #.......     67%         2    ###....
 Ozocubu's Armour         Chrm/Ice       #.......     88%         3    ####...
 Spectral Weapon          Hex/Chrm       #.......     88%         3    ####...
 Spider Form              Tmut/Pois      #.........   88%         3    ####...
 Ice Form                 Ice/Tmut       #.......     99%         4    #####..
 Blade Hands              Tmut           #.........   100%        5    ######.


Dungeon Overview and Level Annotations

Branches:
Dungeon (8/15)             Temple (0/1) D:5         Ossuary (visited)
   Lair: D:8-11

Altars:
Ashenzari
Cheibriados
Gozag
Kikubaaqudgha
Makhleb
Nemelex Xobeh
Qazlal
Uskayaw
Xom
Yredelemnul
Zin

Shops:
D:5 *


Innate Abilities, Weirdness & Mutations

You are too large for most types of armour.
You have claws for hands.
Your metabolism is lightning-fast.
You like to eat raw meat.
Your natural rate of healing is unusually fast.
You are covered in fur. (AC +1)
You have extremely tough skin. (AC +3)


Message History

a +0 flail; a +0 chain mail The orc hits you but does no damage.
Your orc zombie closely misses the orc.
You swap places.
The orc hits you but does no damage.
Your orc zombie hits the orc with a cursed -2 hand axe.
Your orc zombie hits the two-headed ogre with a cursed -2 hand axe.
The two-headed ogre hits your orc zombie with a +0 giant spiked club!
Your orc zombie is destroyed!
The orc shouts!
You completely miss the orc.
The orc is lightly wounded.
The orc hits you with a +0 club.
You fail to use your ability.
You fail to use your ability.
You claw the two-headed ogre!
The two-headed ogre is severely wounded.
The two-headed ogre hits you with a +0 giant spiked club!!
* * * LOW HITPOINT WARNING * * *
The two-headed ogre hits you with a +0 giant club!
You die...
Your body rises from the dead as a mindless zombie.

####.#
#...##..#.##≈
#...)#
###.<..##..##
#Z##)#
#......###...
#.##.###
###..#.....#.
#.##...#
##..####...
#.Z..#.##
##.# ####
###).#.o# #..
#..##O#####
####
#..##.@...#
#.###.....#
#.# #.....# #
#.# #.....#
#.# ###.###
#.# .# .# .#


You could see a two-headed ogre and an orc.

Vanquished Creatures
  Maggie (D:6)
  Eustachio (D:6)
  Edmund (D:6)
  A sky beast (D:6)
  2 ogres (D:5)
  A phantom (D:4)
  A centaur (D:6)
  10 scorpions (Ossuary)
  2 howler monkeys (D:6)
  5 wights (D:7)
  A bullfrog zombie (D:7)
  3 centaur zombies (Ossuary)
  3 human zombies (Ossuary)
  3 hounds
  2 orc priests
  2 orc wizards
  Terence (D:3)
  An iguana (D:7)
  3 worker ants
  A big kobold zombie (Ossuary)
  A hound zombie (D:5)
  2 hound skeletons
  3 mummies (Ossuary)
  A worker ant zombie (D:5)
  3 gnolls (D:7)
  5 scorpion zombies (Ossuary)
  9 adders
  3 white imps
  An ooze (D:1)
  An adder skeleton (D:4)
  2 worms (D:2)
  6 leopard geckos
  17 orcs
  7 bats
  6 giant cockroaches
  6 goblins
  14 hobgoblins
  5 jackals
  5 quokkas
  4 frilled lizards
  2 gnoll zombies (Ossuary)
  3 goblin zombies (Ossuary)
  3 hobgoblin zombies (Ossuary)
  A jackal skeleton (D:4)
  6 kobolds
  A leopard gecko skeleton (D:4)
  3 orc zombies (Ossuary)
  7 rats
172 creatures vanquished.

Vanquished Creatures (collateral kills)
  Menkaure (D:7)
  2 bullfrogs
  An adder (D:6)
  4 orcs (D:7)
  A quokka (D:7)
9 creatures vanquished.

Vanquished Creatures (others)
  A wight (D:6)
  A centaur skeleton (D:6)
  A howler monkey zombie (D:6)
  An adder zombie (D:7)
  3 orc zombies
  2 gnoll zombies (D:7)
  2 goblin zombies (Ossuary)
  A kobold zombie (Ossuary)
12 creatures vanquished.

Grand Total: 193 creatures vanquished

Notes
Turn   | Place    | Note
-------+----------+-------------------------------------------
     0 | D:1      | Apogee the Troll Monk began the quest for the Orb.
     0 | D:1      | Reached XP level 1. HP: 22/22 MP: 0/0
   319 | D:1      | Reached XP level 2. HP: 29/29 MP: 1/1
   841 | D:2      | Reached XP level 3. HP: 36/36 MP: 2/2
   906 | D:2      | Found a shimmering altar of Xom.
   907 | D:2      | Noticed an angel
   921 | D:2      | Found a glowing silver altar of Zin.
  1133 | D:2      | Reached skill level 4 in Unarmed Combat
  1213 | D:2      | Found a hide-covered altar of Uskayaw.
  1320 | D:2      | Found a basalt altar of Yredelemnul.
  1334 | D:2      | Became a worshipper of Yredelemnul the Dark
  1334 | D:2      | Reached * piety under Yredelemnul
  1334 | D:2      | Reached ** piety under Yredelemnul
  1356 | D:2      | Reached XP level 4. HP: 41/44 MP: 3/3
  1838 | D:3      | Noticed Terence
  1849 | D:3      | Killed Terence
  1849 | D:3      | Reached skill level 1 in Invocations
  1849 | D:3      | Reached XP level 5. HP: 40/53 MP: 4/4
  2263 | D:4      | Found a sparkling altar of Nemelex Xobeh.
  2265 | D:4      | Noticed a phantom
  2285 | D:4      | Killed a phantom
  2285 | D:4      | Reached skill level 5 in Unarmed Combat
  2317 | D:4      | Found an ancient bone altar of Kikubaaqudgha.
  2490 | D:4      | Got a scintillating granite ring
  2643 | D:4      | Reached XP level 6. HP: 61/61 MP: 6/6
  2780 | D:4      | Found a snail-covered altar of Cheibriados.
  2943 | D:5      | Entered Level 5 of the Dungeon
  3042 | D:5      | Reached *** piety under Yredelemnul
  3144 | D:5      | Found a shattered altar of Ashenzari.
  3215 | D:5      | Found Gozag's Platinum Reserve.
  3271 | D:5      | Found a sand-covered staircase.
  3316 | D:5      | Found an opulent altar of Gozag.
  3344 | Ossuary  | Entered an ossuary
  3364 | Ossuary  | Reached skill level 6 in Unarmed Combat
  3424 | Ossuary  | Reached XP level 7. HP: 65/68 MP: 7/7
  3702 | Ossuary  | Reached skill level 7 in Unarmed Combat
  3764 | Ossuary  | Reached XP level 8. HP: 45/79 MP: 9/9
  4000 | Ossuary  | Reached **** piety under Yredelemnul
  4229 | D:5      | Found a staircase to the Ecumenical Temple.
  4355 | D:5      | Received a gift from Yredelemnul (a wight)
  4451 | D:5      | Identified the ring "Naolawew" {rPois rF+ MR++ rCorr Int-3}
                  | (You found it on level 4 of the Dungeon)
  4540 | D:6      | Reached skill level 8 in Unarmed Combat
  4582 | D:6      | Reached skill level 5 in Fighting
  4619 | D:6      | Noticed Edmund
  4629 | D:6      | Killed Edmund
  4658 | D:6      | Noticed Maggie
  4674 | D:6      | Killed Maggie
  4888 | D:6      | Found a stormy altar of Qazlal.
  4891 | D:6      | Reached XP level 9. HP: 77/88 MP: 11/11
  4892 | D:6      | Found a burning altar of Makhleb.
  4963 | D:6      | Noticed Eustachio
  4970 | D:6      | Killed Eustachio
  4970 | D:6      | Reached skill level 9 in Unarmed Combat
  4970 | D:6      | Reached skill level 5 in Invocations
  5459 | D:7      | Noticed Menkaure
  5477 | D:7      | Killed Menkaure
  5729 | D:8      | Noticed a two-headed ogre
  5759 | D:8      | Slain by a two-headed ogre

Illustrated notes

Levels and vault maps discovered:
D:1:      lordsloth_arrival_two_stooges, layout_loops_corners
D:2:      layout_loops_ring, grunt_temple_overflow_order_and_chaos_1,
          overflow_temple_1_default, lemuel_crystal_altar
D:3:      layout_basic, first_ration, minivault_25, uniq_terence
D:4:      layout_basic, kiku_gazebo_pond_becter, lemuel_crystal_altar,
          nemelex_xobeh_ov_fountains_minmay, columned_hall_lemuel, nrook_uturn,
          chequers_serial_rivers_small_3, hangedman_feature_mirror
D:5:      layout_gridville, nicolae_ashenzari_panopticon,
          nicolae_gozag_zags_fifth_avenue, minmay_temple_entry_antechambers,
          nicolae_ossuary_entry_monument
D:6:      layout_basic, gammafunk_temple_overflow_pools, uniq_eustachio,
          uniq_maggie, uniq_edmund
D:7:      layout_rooms, uniq_menkaure
D:8:      gammafunk_steamed_eel, layout_rooms, marbit_many_paths,
          biasface_ghost_orc_armoury, serial_bayou_ford_a

Skill      XL: |  1  2  3  4  5  6  7  8  9 |
---------------+----------------------------+-----
Unarmed Combat | 4 5 6 7 8 9 |  9.9
Fighting       | 3 4 5 6 |  6.1
Invocations    | 1 2 3 4 5 |  5.0
Dodging        | |  2.8
Stealth        | |  1.0

Action                   |  1- 3 |  4- 6 |  7- 9 || total
-------------------------+-------+-------+-------++-------
Melee: Unarmed           |   106 |   167 |   257 ||   530
       Punch             |     1 |     4 |     9 ||    14
Throw: Stone             |       |       |     6 ||     6
Invok: Animate Dead      |       |       |    14 ||    14
  Use: Potion            |       |       |     2 ||     2
       Scroll            |       |       |    10 ||    10
 Stab: Sleeping          |     3 |     3 |     1 ||     7
       Distracted        |       |       |     2 ||     2
  Eat: Chunk             |    18 |    17 |    16 ||    51
       Ration            |       |       |     1 ||     1
Armor: Robe              |    37 |    44 |    67 ||   148
Dodge: Dodged            |    62 |    66 |   116 ||   244

Table legend:
 A = Non-vault XP
 B = Vault XP
 C = Vault XP percentage of total XP
 D = Non-vault monster count
 E = Vault monster count
 F = Vault count percentage of total count
                 A         B        C        D         E       F
            +---------+---------+-------+---------+---------+-------
      Total |    2003 |    1911 |  48.8 |     138 |      42 |  23.3
            +---------+---------+-------+---------+---------+-------
        D:1 |      37 |       0 |   0.0 |      18 |       0 |   0.0
        D:2 |      69 |       0 |   0.0 |      26 |       0 |   0.0
        D:3 |      82 |      36 |  30.5 |      24 |       1 |   4.0
        D:4 |     261 |       5 |   1.9 |      15 |       2 |  11.8
        D:5 |     374 |       0 |   0.0 |       9 |       0 |   0.0
        D:6 |     459 |     687 |  59.9 |      11 |       3 |  21.4
        D:7 |     650 |     133 |  17.0 |      29 |       1 |   3.3
        D:8 |      71 |       0 |   0.0 |       6 |       0 |   0.0
    Ossuary |       0 |    1050 | 100.0 |       0 |      35 | 100.0
            +---------+---------+-------+---------+---------+-------
